AoeStats
← [spank] Lord of the Spank

Arabia

508237565Analyzed
1v1 RM · 9d ago on Sep 21, 2026· 50m 20s· 2 players
Game mode
Random Map
Map size
Tiny (2 player)
Population
200
Speed
Normal
Resources
Standard
Victory
Conquest
Starting age
Dark Age
Ending age
Imperial Age
RankedLock teamsTeams togetherTeam positionsShared explorationLock speedFull tech treeHidden civsTurbo modeCheats
Victory
Defeat
🇦🇺 Khitans · Australia
1056
+15
🇺🇸 Portuguese · United States
1033
-15
[spank] Lord of the Spank
6:57 Loom
9:19 Feudal Age
9:51 Double-Bit Axe
9:46 Horse Collar
19:01 Castle Age
17:14 Fletching
18:08 Padded Archer Armor
19:23 Gold Mining
19:38 Crossbowman
22:06 Bodkin Arrow
28:12 Ballistics
30:29 Wheelbarrow
31:18 Town Watch
37:28 Hand Cart
41:49 Imperial Age
40:39 Thumb Ring
42:12 Arbalester
42:55 Bracer
42:17 Light Cavalry
43:08 Bloodlines
43:34 Leather Archer Armor
43:42 Husbandry
44:33 Scale Barding Armor
44:39 Forging
47:14 Chain Barding Armor
47:47 Stone Mining
47:59 Heavy Plow
48:11 Bow Saw
48:35 Masonry
48:06 Treadmill Crane
OceanKing
6:21 Loom
9:36 Feudal Age
13:40 Forging
21:12 Castle Age
19:20 Double-Bit Axe
21:18 Domestication
21:54 Scale Barding Armor
21:34 Light Cavalry
22:51 Iron Casting
22:54 Bow Saw
25:40 Wheelbarrow
25:35 Chain Barding Armor
27:10 Wheelbarrow
26:55 Husbandry
30:05 Gold Mining
30:05 Stone Mining
32:22 Pastoralism
33:20 Stone Shaft Mining
38:22 Imperial Age
38:44 Hussar
40:01 Plate Barding Armor
40:21 Conscription
46:13 Heavy Rocket Cart
46:24 Heavy Rocket Cart
49:38 Chemistry
48:44 Siege Engineers
48:49 Fletching
48:25 Elite Skirmisher
49:11 Thumb Ring
Connection lost

Rejoining the realm…

Still unreachable

The connection could not be restored.

Session expired

The server has moved on; the page needs a fresh start.